AoeStats
← Kaiser Ze

Hideout

509604423Analyzed
1v1 RM · 5d ago on Sep 27, 2026· 28m 12s· 2 players
Game mode
Random Map
Map size
Tiny (2 player)
Population
200
Speed
Normal
Resources
Standard
Victory
Conquest
Starting age
Dark Age
Ending age
Imperial Age
RankedLock teamsTeams togetherTeam positionsShared explorationLock speedFull tech treeHidden civsTurbo modeCheats
Victory
Defeat
🇨🇳 Japanese · China
1231
+17
🇧🇪 Burmese · Belgium
1257
-17
Kaiser Ze
10:33 Feudal Age
13:53 Fletching
18:53 Castle Age
19:11 Loom
19:42 Double-Bit Axe
21:53 Gold Mining
24:07 Arson
26:33 Scale Mail Armor
28:15 Chain Mail Armor
TLDR
10:03 Feudal Age
10:05 Man-at-Arms
10:32 Arson
12:37 Scale Mail Armor
15:58 Horse Collar
19:59 Fletching
22:27 Castle Age
22:54 Bloodlines
22:37 Crossbowman
24:22 Bodkin Arrow
24:13 Crossbowman
25:38 Padded Archer Armor
Connection lost

Rejoining the realm…

Still unreachable

The connection could not be restored.

Session expired

The server has moved on; the page needs a fresh start.